 Dungeon Crawl Stone Soup version 0.31-a0-845-g9abc20d24f (webtiles) character file.

Game seed: 7156901960652139998

4206 wvc the Tainter (level 10, -3/136 HPs)
             Began as a Naga Venom Mage on Oct 2, 2023.
             Was a Believer of Yredelemnul.
             Slain by a yak (8 damage)
             ... on level 8 of the Dungeon.
             The game lasted 00:25:48 (8269 turns).

wvc the Tainter (Naga Venom Mage)                   Turns: 8269, Time: 00:25:50

Health: -3/136     AC: 25    Str: 14    XL:     10   Next: 29%
Magic:  10/24      EV:  1    Int: 20    God:    Yredelemnul [**....]
Gold:   680        SH:  0    Dex: 11    Spells: 18/29 levels left

rFire   . . .        m - +9 dagger "Ejergh" {flame, rElec Will- Str+3}
rCold   . . .        (no shield)
rNeg    . . .        x - melded +1 leather armour "Depa" {Str-3 Int+5 Slay+3 Stlth+}
rPois   +            (helmet currently unavailable)
rElec   +            u - melded scarf {shadows}
rCorr   .            w - melded +0 pair of gloves
SInv    +            (no barding)
Will    .....        a - amulet of the acrobat
Stlth   ++           (no ring)
HPRegen 0.42/turn    (no ring)
MPRegen 0.19/turn

%: acrobat
@: tree-form, radiating poison, slowed, very slow
A: stationary, stasis, torment immunity, boosted hp, AC +3, large, see
invisible, (deformed body), (poison resistance), (slowness 2), spit poison 1,
(naga tail 1)
a: Spit Poison, Renounce Religion, Recall Undead Harvest, Dark Bargain


You were on level 8 of the Dungeon.
You worshipped Yredelemnul.
Yredelemnul was noncommittal.
You were a tree.
You visited 1 branch of the dungeon, and saw 8 of its levels.
You also visited: Ossuary.

You collected 680 gold pieces.

Inventory:

Hand Weapons
 k - a +2 quarterstaff of draining
 m - the +9 dagger "Ejergh" (weapon) {flame, rElec Will- Str+3}
   (You took it off a hobgoblin on level 2 of the Dungeon)

   Str+3:     It affects your strength (+3).
   rElec:     It insulates you from electricity.
   Will-:     It decreases your willpower.
Missiles
 t - a throwing net
Armour
 u - a scarf of shadows (melded)
 w - a +0 pair of gloves (melded)
 x - the +1 leather armour "Depa" (melded) {Str-3 Int+5 Slay+3 Stlth+}
   (You found it on level 6 of the Dungeon)

   Str-3:     It affects your strength (-3).
   Int+5:     It affects your intelligence (+5).
   Slay+3:    It affects your accuracy & damage with ranged weapons and melee
   (+3).
   Stlth+:    It makes you more stealthy.
Magical Staves
 l - a staff of death
Jewellery
 a - an amulet of the acrobat (around neck)
Wands
 o - a wand of charming (3)
Scrolls
 f - a scroll of silence
 q - 2 scrolls of poison
 r - a scroll of fog
Potions
 c - 2 potions of degeneration {unknown}
 d - a potion of cancellation {unknown}
 e - 5 potions of mutation
 g - 2 potions of attraction
 h - 2 potions of curing
 i - 3 potions of brilliance
 j - a potion of might {unknown}
 p - a potion of enlightenment {unknown}
 s - a potion of lignification
 z - a potion of ambrosia {unknown}
 A - a potion of haste {unknown}


   Skills:
 + Level 5.7 Fighting
 - Level 1.5 Dodging
 - Level 3.0 Stealth
 - Level 10.0 Spellcasting
 - Level 3.6 Transmutations
 - Level 10.5 Poison Magic


You had 18 spell levels left.
You knew the following spells:

 Your Spells              Type           Power      Damage    Failure   Level
a - Sting                 Tmut/Pois      100%       1d8       1%          1
b - Necrotise             Necr           40%        1d6       7%          1
c - Mephitic Cloud        Conj/Pois/Air  24%        N/A       4%          3
d - Olgreb's Toxic Radia  Pois           51%        N/A       1%          4
e - Blink                 Tloc           20%        N/A       11%         2

Your spell library contained the following spells:

 Spells                   Type           Power      Damage    Failure   Level
 Poisonous Vapours        Pois/Air       62%        N/A       1%          2
 Gell's Gravitas          Tloc           10%        N/A       21%         3
 Teleport Other           Tloc           10%        N/A       21%         3
 Vampiric Draining        Necr           10%        2d6       21%         3
 Manifold Assault         Tloc           10%        N/A       56%         4
 Agony                    Necr           10%        N/A       88%         5
 Dispersal                Tloc           5%         N/A       100%        6


Dungeon Overview and Level Annotations

Branches:
Dungeon (8/15)             Temple (0/1) D:4         Ossuary (visited)
   Lair: D:8-11

Altars:
Elyvilon
Fedhas
Hepliaklqana
Qazlal
Ru
Trog
Wu Jian
Yredelemnul

Shops:
D:4 (

Annotations:
D:8 Erica


Innate Abilities, Weirdness & Mutations

You are a tree.
Your roots penetrate the ground, keeping you stationary.
You cannot be teleported.
You are immune to unholy pain and torment.
Your maximum health is greatly increased.
Your equipment is partially melded.
((Your serpentine skin is tough. (AC +3)))
You have supernaturally acute eyesight. (SInv)
((Armour fits poorly on your strangely shaped body.))
((Your system is resistant to poisons. (rPois)))
((You cover ground very slowly.))
You can spit poison.
((You have a snake-like lower body.))


Message History

Your hornet zombie barely misses the yak.
The yak gores you! x2
* * * LOW HITPOINT WARNING * * *
You can now trade souls for undead servants.
Casting: Olgreb's Toxic Radiance (mildly dangerous; 1% risk of failure)
Confirm with . or Enter, or press ? or * to list all spells.
Your toxic radiance grows in intensity.
The yak looks even sicker.
The yak looks as sick as possible!
The orc is poisoned.
The yak looks as sick as possible! x2
You kill the orc!
The dead are walking!
Your hornet zombie hits the yak!
Something hits your hornet zombie.
The yak gores your hornet zombie but does no damage.
The yak gores you!
* * * LOW HITPOINT WARNING * * *
The yak gores you!
* * * LOW HITPOINT WARNING * * *
You turn into a tree.
Your scarf of shadows melds into your body.
Your +0 pair of gloves melds into your body.
The +1 leather armour "Depa" {Str-3 Int+5 Slay+3 Stlth+} melds into your body.
The dungeon's light returns to normal.
Your roots penetrate the ground.
The yak looks even sicker.
You kill the yak!
The dead are walking!
The yak gores you.
* * * LOW HITPOINT WARNING * * *
The yak gores you but does no damage. Something hits your hornet zombie.
Your orc zombie hits the yak but does no damage.
The yak gores you but does no damage.
Something closely misses your hornet zombie.
The yak gores you but does no damage.
Casting: Olgreb's Toxic Radiance (mildly dangerous; 1% risk of failure)
Confirm with . or Enter, or press ? or * to list all spells.
Your toxic radiance grows in intensity.
Erica looks even sicker.
The yak looks as sick as possible!
Your gnoll zombie barely misses Erica.
The yak gores you.
* * * LOW HITPOINT WARNING * * *
The yak gores you!
You die...
Your body rises from the dead as a mindless zombie.

#####.###.# #
#........). #.
#.###.###..
#.##.##...#
#......###.##.#
#......# .##.#
#....Z.###.##.#
##...†Y...# #.#
#..)Y♣.### #.#
#.######.##Z# #.#
#........##Z#####<#
#######..g)Z@)Z.@.#
#..##Z#######
#).##.#
#######..##..
.........#####
#######.###


You could see Erica (invisible, very poisoned), 2 yaks, 2 friendly yak zombies,
a friendly hornet zombie, a friendly gnoll zombie and a friendly orc zombie.

Vanquished Creatures
  Psyche (D:8)
  A hornet (D:8)
  6 yaks (D:8)
  A wyvern (D:8)
  A water moccasin (D:5)
  2 orc warriors
  2 black bears
  An ogre (D:5)
  A phantom (D:6)
  2 centaurs
  2 elf zombies (Ossuary)
  5 scorpions
  5 wights (D:6)
  A howler monkey (D:4)
  2 centaur zombies (Ossuary)
  An orc priest (D:7)
  2 hounds
  3 jellies
  A gnoll bouda (D:8)
  A sleepcap (D:7)
  4 iguanas
  4 orc wizards
  A mummy (Ossuary)
  5 gnolls
  7 adders
  2 shadow imps (D:7)
  2 white imps
  An ufetubus (D:7)
  3 worms
  4 dart slugs
  35 orcs
  3 ball pythons
  4 bats
  6 endoplasms
  4 giant cockroaches
  2 gnoll zombies (Ossuary)
  6 goblins
  9 hobgoblins
  3 quokkas
  2 frilled lizards
  A goblin zombie (Ossuary)
  3 hobgoblin zombies (Ossuary)
  6 kobolds
  An orc zombie (Ossuary)
  7 rats
166 creatures vanquished.

Vanquished Creatures (collateral kills)
  A black bear (D:6)
  A scorpion (D:5)
  A howler monkey (D:6)
  A hound (D:5)
  An orc priest (D:5)
  2 jellies
  3 orc wizards
  A gnoll (D:5)
  An ufetubus (D:5)
  A dart slug (D:3)
  An orc (D:7)
  An endoplasm (D:2)
  A hobgoblin (D:2)
  A ball python (D:3)
  2 frilled lizards (D:2)
19 creatures vanquished.

Vanquished Creatures (others)
  A wyvern zombie (D:8)
  A water moccasin zombie (D:5)
  A human zombie (D:8)
  A centaur zombie (D:6)
  A scorpion zombie (D:5)
  An ogre zombie (D:5)
  2 hound zombies (D:5)
  2 worm zombies
  4 adder zombies
  2 jelly zombies (D:6)
  A bat zombie (D:2)
  2 ball python zombies
  2 endoplasm zombies
  A frilled lizard zombie (D:2)
  A giant cockroach zombie (D:4)
  4 gnoll zombies
  2 goblin zombies (D:4)
  2 kobold zombies
  11 orc zombies
  A rat zombie (D:3)
  A spectral ufetubus (D:5)
44 creatures vanquished.

Grand Total: 229 creatures vanquished

Notes
Turn   | Place    | Note
-------+----------+-------------------------------------------
     0 | D:1      | wvc the Naga Venom Mage began the quest for the Orb.
     0 | D:1      | Reached XP level 1. HP: 15/15 MP: 3/3
   264 | D:1      | Reached XP level 2. HP: 15/22 MP: 0/5
   586 | D:1      | Learned a level 1 spell: Necrotise
  1087 | D:2      | Reached XP level 3. HP: 25/28 MP: 0/6
  1419 | D:2      | Found a faded altar of an unknown god.
  1430 | D:2      | Prayed at the altar of an unknown god.
  1430 | D:2      | Became a worshipper of Yredelemnul the Dark
  1430 | D:2      | Reached * piety under Yredelemnul
  1521 | D:2      | Reached skill level 5 in Poison Magic
  1700 | D:2      | Reached ** piety under Yredelemnul
  2028 | D:2      | Reached XP level 4. HP: 34/36 MP: 8/8
  2036 | D:2      | Learned a level 3 spell: Mephitic Cloud
  2089 | D:2      | Identified the +9 dagger "Ejergh" {flame, rElec Will-
                  | Str+3}
  2437 | D:3      | Reached XP level 5. HP: 35/42 MP: 1/9
  2863 | D:3      | Found a bloodstained altar of Trog.
  3014 | D:4      | Found Ereggei's Antique Weapon Shop.
  3101 | D:4      | Reached XP level 6. HP: 39/49 MP: 11/11
  3189 | D:4      | Found the +1 Delatra's gloves {ID++}
  3344 | D:4      | Found an ornate altar of the Wu Jian Council.
  3392 | D:4      | Noticed a black bear
  3407 | D:4      | Killed a black bear
  3409 | D:4      | Found a staircase to the Ecumenical Temple.
  3693 | D:4      | Reached XP level 7. HP: 41/55 MP: 13/13
  3883 | D:4      | Learned a level 4 spell: Olgreb's Toxic Radiance
  4256 | D:5      | Entered Level 5 of the Dungeon
  4293 | D:5      | Found a blossoming altar of Fedhas.
  4520 | D:5      | Reached skill level 5 in Spellcasting
  4839 | D:5      | Reached XP level 8. HP: 62/62 MP: 11/16
  4880 | D:5      | Found a white marble altar of Elyvilon.
  5713 | D:6      | Identified the +1 leather armour "Depa" {Str-3 Int+5 Slay+3
                  | Stlth+}
  5795 | D:6      | Found a sacrificial altar of Ru.
  5880 | D:6      | Reached skill level 10 in Poison Magic
  5897 | D:6      | Reached XP level 9. HP: 58/68 MP: 19/19
  6216 | D:6      | Learned a level 2 spell: Blink
  6327 | D:6      | Found a stormy altar of Qazlal.
  6388 | D:6      | Found a hazy altar of Hepliaklqana.
  6851 | D:7      | Found a sand-covered staircase.
  6856 | Ossuary  | Entered an ossuary
  6929 | Ossuary  | Reached skill level 1 in Fighting
  8007 | D:8      | Noticed Psyche
  8021 | D:8      | Killed Psyche
  8170 | D:8      | Your ally Psyche died
  8247 | D:8      | Noticed a hornet
  8250 | D:8      | Reached XP level 10. HP: 81/84 MP: 23/23
  8255 | D:8      | Reached skill level 10 in Spellcasting
  8256 | D:8      | Reached skill level 5 in Fighting
  8259 | D:8      | Noticed Erica
  8269 | D:8      | HP: 5/136 [yak (4)]
  8269 | D:8      | Slain by a yak

Illustrated notes

Levels and vault maps discovered:
D:1:      dpeg_arrival_chambers_temple_mockup, layout_basic, minmay_door_square
D:2:      minmay_chambers_of_ones, layout_loops_ring, basic_ecumenical_altar
D:3:      layout_rooms, mainiacjoe_overflow_concentric_impassable
D:4:      layout_gridville, pdpol_wu_jian_five_deadly_venoms,
          minmay_temple_entry_statues_pillars, serial_shops, shop,
          minmay_misc_feat_tower, hangedman_abyss_or_decor_jellyfish_corner,
          st_stairs_14
D:5:      layout_loops_cross, mainiacjoe_overflow_alcove_4,
          mainiacjoe_overflow_cross_hatched, nrook_loot_triangle
D:6:      layout_basic, mainiacjoe_overflow_chevrons, grunt_qazlal_sundering,
          nicolae_ru_sacrificial_ziggurat, minmay_misc_feat_pillars
D:7:      layout_loops_corners, nicolae_ossuary_entry_plus
D:8:      layout_loops_ring, gammafunk_temple_overflow_wave, lightli_minifort,
          uniq_joseph, uniq_erica, uniq_psyche

Skill      XL: |  1  2  3  4  5  6  7  8  9 10 |
---------------+-------------------------------+-----
Poison Magic   | 5 6 8 10 | 10.5
Spellcasting   | 3 4 5 7 9 10 | 10.0
Transmutations | 2 3 |  3.6
Fighting       | 3 5 |  5.7
Dodging        | |  1.5
Stealth        | |  3.0

Action                     |  1- 3 |  4- 6 |  7- 9 | 10-12 || total
---------------------------+-------+-------+-------+-------++-------
  Melee: Mace              |    21 |       |       |       ||    21
         Quarterstaff      |    48 |    80 |    63 |       ||   191
         Dagger            |       |       |   137 |     1 ||   138
         Punch             |       |       |     4 |       ||     4
   Cast: Sting             |    37 |    18 |    16 |       ||    71
         Mephitic Cloud    |       |     1 |       |       ||     1
         Olgreb's Toxic Ra |       |       |    21 |    10 ||    31
Ability: Spit Poison       |     1 |    10 |     6 |       ||    17
    Use: Scroll            |       |     7 |    10 |     1 ||    18
         Potion            |       |     1 |       |     3 ||     4
   Stab: Sleeping          |     3 |     1 |    10 |       ||    14
         Distracted        |     1 |     1 |       |       ||     2
 Armour: Robe              |    54 |    98 |    82 |       ||   234
         Leather armour    |       |       |    89 |     9 ||    98
         Skin              |       |       |       |     6 ||     6
  Dodge: Dodged            |    47 |    49 |    95 |     5 ||   196

Table legend: (Time is in decaauts)
 A = Elapsed time spent in this place.
 B = Non-inter-level travel time spent in this place.
 C = Inter-level travel time spent in this place.
 D = Time resting spent in this place.
 E = Time spent auto-exploring this place.
 F = Levels seen in this place.
 G = Mean time per level.
                   A        B        C        D        E       F      G
               +--------+--------+--------+--------+--------+-----+--------+
         Total |  10257 |   9938 |    319 |   1405 |   6503 |   9 | 1139.7 |
       Dungeon |   9943 |   9624 |    319 |   1387 |   6460 |   8 | 1242.9 |
       Ossuary |    313 |    313 |      0 |     18 |     43 |   1 |  313.0 |
               +--------+--------+--------+--------+--------+-----+--------+

Top non-repeatable levels by time:
     D:2: 1562 daAuts
     D:5: 1551 daAuts
     D:4: 1510 daAuts
     D:1: 1365 daAuts
     D:7: 1363 daAuts
     D:6: 1254 daAuts
     D:3: 894 daAuts
     D:8: 440 daAuts
 Ossuary: 313 daAuts
